[ AOE2 MATCH · #468044592 ]
UnrankedHuns vs Malians
[ REPLAY ANALYSIS · EXTRACTED FROM THE RECORDED GAME ]
Feudal
12:48
Castle
19:14
Imperial
—
| APM avg | 18.5 |
| APM peak | 41 |
| eAPM avg | 7.7 |
| Villagers / military | 47 / 12 |
Focus
⚔️ 24.1% · 🌾 75.9%
Skirmisher ×6 · Cavalry Archer ×5 · Knight ×1
Feudal
9:12
Castle
20:11
Imperial
—
| APM avg | 59.7 |
| APM peak | 89 |
| eAPM avg | 24.0 |
| Villagers / military | 58 / 53 |
Focus
⚔️ 17.4% · 🌾 82.6%
Skirmisher ×23 · Archer ×17 · Eagle Scout ×6 · Spearman ×5 · Militia ×2
Feudal
9:24
Castle
16:07
Imperial
—
| APM avg | 29.3 |
| APM peak | 69 |
| eAPM avg | 10.5 |
| Villagers / military | 64 / 42 |
Focus
⚔️ 24.0% · 🌾 76.0%
Gbeto ×40 · Spearman ×2
Feudal
10:40
Castle
15:32
Imperial
—
| APM avg | 31.2 |
| APM peak | 61 |
| eAPM avg | 17.6 |
| Villagers / military | 63 / 45 |
Focus
⚔️ 32.1% · 🌾 67.9%
Cavalry Archer ×25 · Skirmisher ×9 · Fishing Ship ×3 · Scout Cavalry ×3 · Mangonel ×2 · Fire Lancer ×2
Match map
Initial resources + every placement click. Lines = walls · curves = elevation contours. ◆ gold · ⬟ stone · ● berries · ✦ relic · ◌ wall gap
Your base· ✓ Closed at 19:14 · 90t walls · 1 gate(s)
Jonaxel's base· ✓ Closed at 20:11 · 30t walls · 1 gate(s)
El Masiosare's base· Open — opponent sealed themselves in
El_Frijoler0's base· Open — opponent sealed themselves in
Smoothed initial terrain · ◌ = detected wall gap · hover for details
Inputs per minute
— Ikmus - - Jonaxel
Build order — Ikmus
119 actions detected in the replay
| 0:10 | Create | Villager (Male) ×4 |
| 1:10 | Build | Lumber Camp |
| 1:45 | Create | Villager (Male) |
| 1:45 | Create | Villager (Male) |
| 1:45 | Create | Villager (Male) |
| 2:02 | Create | Villager (Male) |
| 2:43 | Create | Villager (Male) |
| 2:50 | Build | Lumber Camp |
| 2:55 | Create | Villager (Male) |
| 3:21 | Create | Villager (Male) |
| 3:47 | Create | Villager (Male) |
| 4:15 | Create | Villager (Male) |
| 4:15 | Create | Villager (Male) |
| 4:54 | Build | Mill |
| 4:57 | Create | Villager (Male) |
| 4:57 | Create | Villager (Male) |
| 5:36 | Create | Villager (Male) |
| 5:37 | Create | Villager (Male) |
| 5:53 | Create | Villager (Male) |
| 5:53 | Create | Villager (Male) |
| 7:02 | Create | Villager (Male) |
| 7:02 | Create | Villager (Male) |
| 7:07 | Create | Villager (Male) |
| 7:19 | Create | Villager (Male) |
| 7:31 | Build | Farm |
| 8:10 | Create | Villager (Male) |
| 8:20 | Build | Farm |
| 8:47 | Build | Farm |
| 9:03 | Create | Villager (Male) |
| 9:11 | Build | Farm |
| 9:37 | Build | Farm |
| 9:40 | Create | Villager (Male) |
| 9:40 | Research | Loom |
| 10:22 | Build | Palisade Wall |
| 10:38 | Research | Feudal Age |
| 10:48 | Build | Barracks |
| 11:38 | Build | Palisade Wall |
| 11:51 | Build | Palisade Wall |
| 12:04 | Build | Palisade Wall |
| 12:15 | Build | Farm |
| 12:23 | Build | Palisade Wall |
| 12:42 | Build | Palisade Wall |
| 12:48 | Age | Feudal Age |
| 12:56 | Research | Wheelbarrow |
| 12:57 | Create | Villager (Male) |
| 13:08 | Build | Stable |
| 13:10 | Build | Stable |
| 13:19 | Build | Blacksmith |
| 13:21 | Create | Villager (Male) |
| 13:36 | Create | Villager (Male) |
| 13:49 | Build | Palisade Wall |
| 14:04 | Build | Palisade Wall |
| 14:15 | Build | Market |
| 14:19 | Create | Villager (Male) |
| 14:24 | Research | Forging |
| 14:25 | Research | Scale Barding Armor |
| 14:29 | Create | Villager (Male) |
| 14:34 | Build | Farm |
| 14:38 | Build | Farm |
| 14:42 | Build | Farm |
| 14:54 | Create | Villager (Male) |
| 15:09 | Build | Palisade Wall |
| 15:26 | Build | Palisade Gate |
| 15:34 | Create | Villager (Male) |
| 15:49 | Build | Mining Camp |
| 16:05 | Build | Farm |
| 16:34 | Research | Castle Age |
| 16:42 | Build | Farm |
| 16:48 | Build | Farm |
| 16:55 | Build | Mining Camp |
| 17:08 | Build | Lumber Camp |
| 17:12 | Research | Double-Bit Axe |
| 17:56 | Research | Horse Collar |
| 17:59 | Research | Gold Mining |
| 18:26 | Research | Stone Mining |
| 18:53 | Research | Bloodlines |
| 19:14 | Age | Castle Age |
| 19:21 | Create | Villager (Male) |
| 19:23 | Create | Villager (Male) |
| 19:52 | Build | Town Center |
| 19:57 | Create | Villager (Male) |
| 20:01 | Research | Bow Saw |
| 20:20 | Create | Knight |
| 20:26 | Build | Farm |
| 20:29 | Build | Farm |
| 20:56 | Research | Husbandry |
| 21:36 | Build | Archery Range |
| 21:52 | Create | Villager (Male) |
| 21:52 | Create | Villager (Male) |
| 21:53 | Create | Villager (Male) |
| 23:04 | Build | Archery Range |
| 23:14 | Build | Stone Wall |
| 23:45 | Research | Fletching |
| 23:45 | Research | Padded Archer Armor |
| 24:00 | Build | Archery Range |
| 24:09 | Create | Cavalry Archer |
| 24:10 | Create | Cavalry Archer |
| 24:38 | Create | Cavalry Archer |
| 24:50 | Create | Skirmisher |
| 25:07 | Build | Mining Camp |
| 25:39 | Research | Thumb Ring |
| 25:40 | Create | Skirmisher |
| 25:40 | Create | Skirmisher |
| 25:53 | Build | Farm |
| 25:58 | Create | Skirmisher |
| 25:58 | Create | Skirmisher |
| 26:53 | Build | Farm |
| 27:15 | Create | Cavalry Archer |
| 27:17 | Create | Cavalry Archer |
| 27:41 | Create | Villager (Male) |
| 27:44 | Create | Villager (Male) |
| 27:44 | Create | Villager (Male) |
| 29:07 | Build | Town Center |
| 29:19 | Create | Skirmisher |
| 31:36 | Create | Villager (Male) |
| 31:36 | Create | Villager (Male) |
| 31:38 | Create | Villager (Male) |
| 31:39 | Create | Villager (Male) |
| 31:54 | Build | Stable |
Build order — Jonaxel
First 150 of 215 actions detected
| 0:00 | Research | Loom |
| 0:01 | Create | Villager (Male) |
| 0:02 | Build | House |
| 0:12 | Build | House |
| 0:20 | Create | Villager (Male) |
| 0:20 | Create | Villager (Male) |
| 0:38 | Build | Lumber Camp |
| 1:05 | Create | Villager (Male) |
| 1:48 | Create | Villager (Male) |
| 1:58 | Create | Villager (Male) |
| 1:58 | Create | Villager (Male) |
| 2:10 | Create | Villager (Male) |
| 2:25 | Build | House |
| 3:34 | Create | Villager (Male) |
| 3:34 | Create | Villager (Male) |
| 4:26 | Create | Villager (Male) |
| 4:27 | Create | Villager (Male) |
| 5:00 | Build | House |
| 5:37 | Build | Mining Camp |
| 5:43 | Build | Palisade Wall |
| 7:02 | Research | Feudal Age |
| 7:06 | Build | Barracks |
| 8:14 | Build | House |
| 8:21 | Build | Palisade Wall |
| 8:48 | Create | Villager (Male) |
| 8:48 | Create | Villager (Male) |
| 9:08 | Build | House |
| 9:12 | Age | Feudal Age |
| 9:17 | Build | Archery Range |
| 9:18 | Create | Spearman |
| 9:18 | Create | Spearman |
| 9:26 | Create | Villager (Male) |
| 9:31 | Research | Double-Bit Axe |
| 10:12 | Build | Palisade Wall |
| 10:35 | Create | Archer |
| 10:36 | Create | Archer |
| 10:36 | Create | Archer |
| 10:38 | Build | Archery Range |
| 11:08 | Create | Villager (Male) |
| 11:08 | Create | Villager (Male) |
| 11:08 | Create | Villager (Male) |
| 11:08 | Create | Villager (Male) |
| 11:40 | Create | Villager (Male) |
| 11:40 | Create | Villager (Male) |
| 11:40 | Create | Villager (Male) |
| 11:47 | Create | Militia |
| 11:47 | Create | Militia |
| 11:50 | Create | Spearman |
| 11:53 | Build | House |
| 11:54 | Build | Palisade Wall |
| 12:05 | Build | Mill |
| 12:09 | Build | Palisade Wall |
| 12:17 | Build | House |
| 12:37 | Build | Mining Camp |
| 12:44 | Build | Palisade Wall |
| 12:46 | Build | House |
| 12:49 | Create | Villager (Male) |
| 12:56 | Create | Archer |
| 12:56 | Create | Archer |
| 12:56 | Create | Archer |
| 13:01 | Create | Villager (Male) |
| 13:05 | Build | Farm |
| 13:05 | Build | Farm |
| 13:05 | Build | Farm |
| 13:21 | Build | House |
| 13:23 | Create | Archer |
| 13:38 | Build | Palisade Wall |
| 14:00 | Build | Palisade Wall |
| 14:21 | Build | House |
| 14:25 | Create | Villager (Male) |
| 14:26 | Create | Villager (Male) |
| 14:32 | Build | Farm |
| 14:32 | Build | Farm |
| 14:33 | Build | Farm |
| 14:33 | Build | Farm |
| 14:33 | Build | Farm |
| 14:34 | Build | Farm |
| 14:34 | Build | Farm |
| 14:34 | Create | Villager (Male) |
| 15:07 | Create | Eagle Scout |
| 15:07 | Create | Eagle Scout |
| 15:12 | Build | Farm |
| 15:15 | Build | Farm |
| 15:39 | Create | Villager (Male) |
| 15:53 | Build | Blacksmith |
| 16:24 | Build | Market |
| 16:33 | Build | House |
| 16:35 | Build | House |
| 17:31 | Research | Castle Age |
| 18:23 | Build | Palisade Gate |
| 18:32 | Research | Gold Mining |
| 18:43 | Create | Eagle Scout |
| 18:45 | Research | Arson |
| 18:53 | Build | Barracks |
| 19:04 | Research | Horse Collar |
| 19:31 | Create | Skirmisher |
| 19:32 | Create | Skirmisher |
| 19:32 | Create | Skirmisher |
| 20:03 | Research | Fletching |
| 20:11 | Age | Castle Age |
| 20:14 | Research | Elite Skirmisher (upgrade) |
| 20:27 | Create | Villager (Male) |
| 20:27 | Create | Villager (Male) |
| 20:29 | Build | Farm |
| 20:30 | Build | Farm |
| 20:30 | Build | Farm |
| 20:30 | Build | Farm |
| 20:39 | Create | Skirmisher |
| 20:39 | Create | Skirmisher |
| 20:46 | Create | Skirmisher |
| 21:05 | Build | Stone Wall |
| 21:16 | Create | Skirmisher |
| 21:17 | Create | Skirmisher |
| 21:18 | Create | Villager (Male) |
| 21:42 | Build | Town Center |
| 21:55 | Research | Padded Archer Armor |
| 22:23 | Create | Skirmisher |
| 22:24 | Create | Skirmisher |
| 22:26 | Create | Spearman |
| 22:26 | Create | Spearman |
| 22:31 | Create | Villager (Male) |
| 22:33 | Build | Farm |
| 22:33 | Build | Farm |
| 22:33 | Build | Farm |
| 22:33 | Build | Farm |
| 22:34 | Create | Villager (Male) |
| 23:15 | Create | Villager (Male) |
| 23:29 | Build | Lumber Camp |
| 23:30 | Create | Villager (Male) |
| 23:30 | Create | Villager (Male) |
| 23:33 | Build | Farm |
| 23:34 | Build | Farm |
| 23:34 | Build | Farm |
| 23:34 | Create | Villager (Male) |
| 23:38 | Create | Villager (Male) |
| 23:57 | Create | Skirmisher |
| 24:00 | Create | Villager (Male) |
| 24:19 | Build | Gate |
| 24:33 | Create | Villager (Male) |
| 24:33 | Create | Villager (Male) |
| 24:34 | Create | Villager (Male) |
| 24:39 | Build | Farm |
| 24:39 | Build | Farm |
| 24:39 | Build | Farm |
| 24:40 | Build | Farm |
| 25:05 | Research | Scale Mail Armor |
| 25:15 | Create | Villager (Male) |
| 25:28 | Create | Villager (Male) |
| 25:36 | Build | House |
| 26:10 | Research | Squires |
Build order — El Masiosare
First 150 of 170 actions detected
| 0:03 | Build | House |
| 0:05 | Build | House |
| 0:07 | Build | House |
| 0:08 | Create | Villager (Male) |
| 0:08 | Create | Villager (Male) |
| 0:09 | Create | Villager (Male) |
| 0:09 | Create | Villager (Male) |
| 0:30 | Build | Lumber Camp |
| 1:23 | Create | Villager (Male) |
| 2:03 | Research | Loom |
| 2:13 | Create | Villager (Male) |
| 2:13 | Create | Villager (Male) |
| 2:53 | Create | Villager (Male) |
| 3:15 | Create | Villager (Male) |
| 3:30 | Build | Mill |
| 4:21 | Create | Villager (Male) |
| 4:22 | Create | Villager (Male) |
| 4:22 | Create | Villager (Male) |
| 5:23 | Create | Villager (Male) |
| 5:24 | Create | Villager (Male) |
| 5:24 | Create | Villager (Male) |
| 5:32 | Build | House |
| 7:12 | Research | Feudal Age |
| 8:45 | Create | Villager (Male) |
| 8:46 | Create | Villager (Male) |
| 8:46 | Create | Villager (Male) |
| 9:24 | Age | Feudal Age |
| 9:43 | Build | Market |
| 9:48 | Build | Blacksmith |
| 10:03 | Build | Barracks |
| 10:19 | Build | Mining Camp |
| 11:19 | Build | Mining Camp |
| 11:21 | Create | Villager (Male) |
| 11:21 | Create | Villager (Male) |
| 11:22 | Create | Villager (Male) |
| 11:24 | Build | House |
| 11:27 | Build | House |
| 12:24 | Create | Villager (Male) |
| 12:24 | Create | Villager (Male) |
| 12:33 | Create | Spearman |
| 12:33 | Create | Spearman |
| 13:16 | Research | Castle Age |
| 13:50 | Build | House |
| 13:52 | Build | House |
| 13:53 | Build | House |
| 13:55 | Build | House |
| 13:56 | Build | House |
| 14:07 | Create | Villager (Male) |
| 14:07 | Create | Villager (Male) |
| 14:21 | Research | Double-Bit Axe |
| 15:10 | Research | Scale Mail Armor |
| 15:21 | Build | Farm |
| 15:21 | Build | Farm |
| 15:22 | Build | Farm |
| 15:22 | Build | Farm |
| 15:22 | Build | Farm |
| 15:23 | Build | Farm |
| 15:23 | Build | Farm |
| 15:23 | Build | Farm |
| 15:36 | Build | House |
| 15:53 | Build | Farm |
| 15:55 | Build | Farm |
| 16:07 | Age | Castle Age |
| 16:24 | Build | Castle |
| 16:48 | Create | Villager (Male) |
| 16:49 | Create | Villager (Male) |
| 16:49 | Create | Villager (Male) |
| 17:00 | Build | Farm |
| 17:03 | Build | Farm |
| 17:03 | Build | Farm |
| 17:13 | Create | Villager (Male) |
| 17:13 | Create | Villager (Male) |
| 17:42 | Build | Monastery |
| 17:55 | Create | Gbeto |
| 17:55 | Create | Gbeto |
| 17:55 | Create | Gbeto |
| 18:21 | Create | Gbeto |
| 18:22 | Create | Gbeto |
| 18:40 | Build | Farm |
| 18:40 | Build | Farm |
| 18:41 | Build | Farm |
| 18:54 | Create | Gbeto |
| 18:55 | Create | Gbeto |
| 19:18 | Build | Stone Wall |
| 19:22 | Build | Stone Wall |
| 19:26 | Build | Stone Wall |
| 19:40 | Create | Gbeto |
| 19:40 | Create | Gbeto |
| 19:55 | Build | Town Center |
| 19:58 | Create | Villager (Male) |
| 19:58 | Create | Villager (Male) |
| 19:59 | Create | Villager (Male) |
| 20:51 | Create | Villager (Male) |
| 20:51 | Create | Villager (Male) |
| 21:34 | Research | Arson |
| 21:34 | Research | Squires |
| 21:37 | Create | Villager (Male) |
| 21:38 | Create | Villager (Male) |
| 21:39 | Create | Gbeto |
| 21:40 | Create | Gbeto |
| 22:39 | Create | Villager (Male) |
| 22:39 | Create | Villager (Male) |
| 22:39 | Create | Villager (Male) |
| 22:40 | Create | Villager (Male) |
| 22:40 | Create | Villager (Male) |
| 22:46 | Build | Town Center |
| 22:53 | Build | Farm |
| 22:57 | Build | Farm |
| 22:57 | Build | Farm |
| 23:00 | Build | Farm |
| 23:09 | Build | Lumber Camp |
| 23:44 | Create | Gbeto |
| 23:44 | Create | Gbeto |
| 23:45 | Create | Gbeto |
| 23:45 | Create | Gbeto |
| 23:45 | Create | Gbeto |
| 24:18 | Build | Farm |
| 24:22 | Create | Gbeto |
| 24:23 | Create | Gbeto |
| 24:23 | Create | Gbeto |
| 26:37 | Create | Villager (Male) |
| 26:37 | Create | Villager (Male) |
| 26:37 | Create | Villager (Male) |
| 26:38 | Create | Villager (Male) |
| 26:38 | Create | Villager (Male) |
| 26:38 | Create | Villager (Male) |
| 26:39 | Create | Villager (Male) |
| 26:43 | Create | Gbeto |
| 26:44 | Create | Gbeto |
| 26:44 | Create | Gbeto |
| 26:45 | Create | Gbeto |
| 26:45 | Create | Gbeto |
| 26:45 | Create | Gbeto |
| 26:46 | Create | Gbeto |
| 26:46 | Create | Gbeto |
| 27:37 | Create | Villager (Male) |
| 27:37 | Create | Villager (Male) |
| 27:38 | Research | Gold Mining |
| 27:40 | Research | Stone Mining |
| 29:16 | Build | Farm |
| 29:18 | Create | Villager (Male) |
| 29:28 | Research | Wheelbarrow |
| 29:29 | Research | Bow Saw |
| 29:33 | Research | Gold Shaft Mining |
| 30:25 | Create | Gbeto |
| 30:26 | Create | Gbeto |
| 30:26 | Create | Gbeto |
| 30:26 | Create | Gbeto |
| 30:26 | Create | Gbeto |
| 30:27 | Create | Gbeto |
Build order — El_Frijoler0
First 150 of 207 actions detected
| 0:02 | Create | Villager (Male) |
| 0:02 | Create | Villager (Male) |
| 0:02 | Create | Villager (Male) |
| 0:04 | Build | House |
| 0:07 | Build | House |
| 0:37 | Create | Villager (Male) |
| 1:14 | Create | Villager (Male) |
| 2:00 | Build | Lumber Camp |
| 2:01 | Create | Villager (Male) |
| 2:16 | Create | Villager (Male) |
| 2:28 | Research | Loom |
| 2:28 | Create | Villager (Male) |
| 2:46 | Create | Villager (Male) |
| 3:01 | Create | Villager (Male) |
| 3:19 | Create | Villager (Male) |
| 3:29 | Build | House |
| 3:40 | Build | House |
| 4:03 | Build | Dock |
| 4:55 | Create | Villager (Male) |
| 5:00 | Create | Villager (Male) |
| 5:34 | Create | Villager (Male) |
| 5:39 | Build | Mill |
| 5:42 | Create | Villager (Male) |
| 6:07 | Create | Villager (Male) |
| 6:29 | Build | Palisade Wall |
| 6:36 | Build | Palisade Wall |
| 6:39 | Create | Villager (Male) |
| 7:06 | Create | Villager (Male) |
| 7:44 | Create | Villager (Male) |
| 7:45 | Create | Villager (Male) |
| 8:03 | Build | Palisade Gate |
| 8:14 | Build | Mining Camp |
| 8:18 | Create | Villager (Male) |
| 8:20 | Build | House |
| 8:23 | Build | House |
| 8:30 | Research | Feudal Age |
| 8:32 | Create | Villager (Male) |
| 9:05 | Build | Mill |
| 9:37 | Create | Villager (Male) |
| 10:40 | Age | Feudal Age |
| 10:59 | Build | Blacksmith |
| 11:48 | Create | Villager (Male) |
| 11:58 | Build | Market |
| 12:52 | Research | Castle Age |
| 13:36 | Build | House |
| 13:46 | Create | Villager (Male) |
| 13:52 | Build | Farm |
| 13:53 | Build | Farm |
| 14:02 | Build | Lumber Camp |
| 14:19 | Build | Barracks |
| 14:30 | Create | Villager (Male) |
| 14:49 | Build | Farm |
| 14:50 | Build | Farm |
| 14:52 | Research | Double-Bit Axe |
| 14:55 | Research | Horse Collar |
| 15:04 | Build | Farm |
| 15:05 | Build | Farm |
| 15:32 | Age | Castle Age |
| 15:50 | Build | Archery Range |
| 15:57 | Create | Villager (Male) |
| 16:08 | Create | Villager (Male) |
| 16:15 | Create | Fire Lancer |
| 16:20 | Create | Fire Lancer |
| 16:25 | Create | Cavalry Archer |
| 16:26 | Create | Cavalry Archer |
| 16:39 | Create | Cavalry Archer |
| 16:48 | Create | Villager (Male) |
| 16:49 | Research | Bow Saw |
| 16:56 | Create | Villager (Male) |
| 17:06 | Build | House |
| 17:07 | Build | House |
| 17:09 | Build | House |
| 17:14 | Create | Cavalry Archer |
| 17:16 | Create | Skirmisher |
| 17:45 | Research | Fletching |
| 17:53 | Build | Farm |
| 18:02 | Build | Farm |
| 18:03 | Build | Farm |
| 18:11 | Create | Villager (Male) |
| 18:13 | Create | Villager (Male) |
| 18:34 | Build | Archery Range |
| 19:12 | Build | Palisade Gate |
| 19:20 | Build | Palisade Wall |
| 19:22 | Create | Villager (Male) |
| 20:14 | Create | Villager (Male) |
| 20:15 | Research | Wheelbarrow |
| 20:17 | Research | Town Watch |
| 20:21 | Research | Elite Skirmisher (upgrade) |
| 20:25 | Build | Archery Range |
| 20:39 | Build | Town Center |
| 20:47 | Create | Villager (Male) |
| 20:50 | Research | Gold Mining |
| 20:55 | Create | Cavalry Archer |
| 20:55 | Create | Cavalry Archer |
| 20:55 | Create | Cavalry Archer |
| 20:56 | Create | Cavalry Archer |
| 21:05 | Create | Villager (Male) |
| 21:17 | Build | Farm |
| 21:20 | Build | Farm |
| 21:21 | Create | Villager (Male) |
| 21:31 | Create | Cavalry Archer |
| 21:38 | Build | House |
| 21:40 | Build | House |
| 21:42 | Build | House |
| 22:05 | Research | Bodkin Arrow |
| 22:23 | Create | Skirmisher |
| 22:32 | Build | Farm |
| 22:33 | Build | Farm |
| 22:33 | Build | Farm |
| 22:34 | Build | Farm |
| 22:35 | Create | Villager (Male) |
| 22:38 | Create | Demolition Raft |
| 22:42 | Create | Fishing Ship |
| 22:53 | Create | Skirmisher |
| 22:53 | Create | Skirmisher |
| 23:00 | Build | Farm |
| 23:04 | Create | Villager (Male) |
| 23:11 | Create | Villager (Male) |
| 23:17 | Create | Villager (Male) |
| 23:35 | Build | Stable |
| 23:40 | Research | Padded Archer Armor |
| 23:50 | Create | Villager (Male) |
| 24:11 | Create | Villager (Male) |
| 24:26 | Research | Bloodlines |
| 24:36 | Build | Dock |
| 24:44 | Create | Fishing Ship |
| 24:44 | Create | Fishing Ship |
| 24:52 | Create | Skirmisher |
| 24:52 | Create | Skirmisher |
| 24:59 | Create | Villager (Male) |
| 25:05 | Build | House |
| 25:10 | Build | House |
| 25:12 | Build | House |
| 25:13 | Build | House |
| 25:29 | Research | Husbandry |
| 25:31 | Create | Knight |
| 25:52 | Create | Villager (Male) |
| 25:56 | Build | University |
| 26:08 | Create | Villager (Male) |
| 26:10 | Create | Villager (Male) |
| 26:11 | Create | Villager (Male) |
| 26:11 | Create | Villager (Male) |
| 26:16 | Build | Lumber Camp |
| 26:18 | Create | Villager (Male) |
| 26:32 | Create | Skirmisher |
| 26:32 | Create | Skirmisher |
| 26:34 | Create | Skirmisher |
| 26:58 | Build | House |
| 27:01 | Build | House |
| 27:01 | Build | House |
Match timeline
| 4:03 | El_Frijoler0 · first_building Dock |
| 5:43 | Jonaxel · wall_segment Palisade Wall x3 |
| 6:29 | El_Frijoler0 · wall_segment Palisade Wall x6 |
| 6:36 | El_Frijoler0 · wall_segment Palisade Wall x6 |
| 7:06 | Jonaxel · first_building Barracks |
| 8:21 | Jonaxel · wall_segment Palisade Wall x7 |
| 9:12 | Jonaxel · age_up feudal |
| 9:17 | Jonaxel · first_building Archery Range |
| 9:24 | El Masiosare · age_up feudal |
| 10:03 | El Masiosare · first_building Barracks |
| 10:12 | Jonaxel · wall_segment Palisade Wall x1 |
| 10:22 | Ikmus · wall_segment Palisade Wall x15 |
| 10:40 | El_Frijoler0 · age_up feudal |
| 10:48 | Ikmus · first_building Barracks |
| 11:38 | Ikmus · wall_segment Palisade Wall x17 |
| 11:51 | Ikmus · wall_segment Palisade Wall x10 |
| 11:54 | Jonaxel · wall_segment Palisade Wall x1 |
| 12:04 | Ikmus · wall_segment Palisade Wall x9 |
| 12:09 | Jonaxel · wall_segment Palisade Wall x6 |
| 12:23 | Ikmus · wall_segment Palisade Wall x12 |
| 12:42 | Ikmus · wall_segment Palisade Wall x7 |
| 12:44 | Jonaxel · wall_segment Palisade Wall x1 |
| 12:46 | El Masiosare · first_market_sell 100 wood |
| 12:48 | Ikmus · age_up feudal |
| 13:01 | El Masiosare · first_market_buy 100 food |
| 13:08 | Ikmus · first_building Stable |
| 13:38 | Jonaxel · wall_segment Palisade Wall x9 |
| 13:49 | Ikmus · wall_segment Palisade Wall x7 |
| 14:00 | Jonaxel · wall_segment Palisade Wall x2 |
| 14:04 | Ikmus · wall_segment Palisade Wall x10 |
| 14:19 | El_Frijoler0 · first_building Barracks |
| 15:09 | Ikmus · wall_segment Palisade Wall x4 |
| 15:32 | El_Frijoler0 · age_up castle |
| 15:50 | El_Frijoler0 · first_building Archery Range |
| 15:54 | Ikmus · first_market_sell 100 wood |
| 16:07 | El Masiosare · age_up castle |
| 16:24 | El Masiosare · first_building Castle |
| 17:17 | Jonaxel · first_market_buy 100 food |
| 17:20 | Jonaxel · first_market_sell 100 wood |
| 17:42 | El Masiosare · first_building Monastery |
| 19:14 | Ikmus · age_up castle |
| 19:18 | El Masiosare · wall_segment Stone Wall x5 |
| 19:20 | El_Frijoler0 · wall_segment Palisade Wall x11 |
| 19:22 | El Masiosare · wall_segment Stone Wall x9 |
| 19:26 | El Masiosare · wall_segment Stone Wall x1 |
| 20:11 | Jonaxel · age_up castle |
| 21:05 | Jonaxel · wall_segment Stone Wall x9 |
| 21:36 | Ikmus · first_building Archery Range |
| 23:14 | Ikmus · wall_segment Stone Wall x12 |
| 23:35 | El_Frijoler0 · first_building Stable |
| 27:44 | El_Frijoler0 · first_market_sell 100 food |
| 27:46 | El_Frijoler0 · first_market_buy 100 wood |
| 29:14 | El_Frijoler0 · first_building Siege Workshop |
| 32:42 | Jonaxel · resign |
[ AI ANALYSIS · 1 CREDIT ]
What really happened in this match?
Wolo.gg analyzes every decision: build order, eco, micro, common mistakes by bracket. Personalized analysis on WhatsApp or Discord in 30 seconds.
Civ guide
Huns
Perfil
Jugador #902690